 Dungeon Crawl Stone Soup version 0.29.1-1-gd02db6906a (webtiles) character file.

Game seed: 3269619824622299303

288076 Icepheonix32 the Spry (level 19, -11/194 HPs)
             Began as a Minotaur Fighter on Oct 19, 2022.
             Was the Champion of Okawaru.
             Mangled by an orc warlord
             ... wielding a +0 halberd
              (38 damage)
             ... on level 1 of the Vaults on Oct 20, 2022.
             The game lasted 02:05:31 (37012 turns).

Icepheonix32 the Spry (Minotaur Fighter)           Turns: 37012, Time: 02:05:32

Health: -11/194    AC: 22    Str: 24    XL:     19   Next: 87%
Magic:  25/27      EV: 29    Int:  7    God:    Okawaru [******]
Gold:   2756       SH:  0    Dex: 18    Spells: 18/18 levels left

rFire   + + .      SeeInvis +   o - +13 scythe of Curses {drain, Drain}
rCold   . . .      Faith    +   (shield currently unavailable)
rNeg    + + .      Spirit   .   Z - +3 salamander hide armour {Flames rF++ rC--}
rPois   .          Reflect  .   Q - +2 hat of Giataucw {Rampage +Inv rCorr Str-3 SInv}
rElec   +          Harm     .   E - +3 cloak of Ufegiuw {Fly rN++ Regen+ Dex-4}
rCorr   +          Rampage  +   p - +2 pair of gloves of Inaction {rElec rC+ Will+ Stlth-}
Will    +++..                   A - +3 pair of mountain boots {steadfast, rC+}
Stlth   ++++......              U - amulet of faith
HPRegen 1.22/turn               y - +6 ring of strength
MPRegen 0.20/turn               L - +6 ring of dexterity

@: heroic, corroded, flying, studying 2 skills
A: horns 2, retaliatory headbutt, iridescent scales 1, strong-willed 1, robust 1
}: 2/15 runes: decaying, gossamer
a: Renounce Religion, Evoke Invisibility, Heroism, Finesse, Duel


You were on level 1 of the Vaults.
You worshipped Okawaru.
Okawaru was exalted by your worship.
You visited 7 branches of the dungeon, and saw 34 of its levels.
You also visited: Sewer, Bailey, Gauntlet and Ice Cave.

You collected 5691 gold pieces.
You spent 2935 gold pieces at shops.

Inventory:

Hand Weapons
 d - the +8 glaive of the Whale {holy, *Rage *Noise Fly rElec}
   (Okawaru gifted it to you on level 1 of the Elven Halls)

   It has been blessed by the Shining One to cause great damage to the undead
   and demons.
   rElec:     It insulates you from electricity.
   Fly:       It grants you flight.
   *Noise:    It may make noises in combat.
   *Rage:     It berserks you when you make melee attacks (+20% chance).
 m - the +0 trident of Ignis's Displeasure {antimagic, rF+ rC++ Str+4 Int-5}
   (You found it on level 2 of the Dungeon)

   It reduces the magical energy of the wielder, and disrupts the spells and
   magical abilities of those it strikes.
   Natural abilities and divine invocations are not affected.
   Str:       It affects your strength (+4).
   Int:       It affects your intelligence (-5).
   rF:        It protects you from fire.
   rC:        It greatly protects you from cold.
 o - the +13 scythe of Curses (weapon) {drain, Drain}
   (You bought it in a shop on level 3 of the Elven Halls)

   A truly terrible weapon, it drains the life of any living foe it strikes.
   It inflicts powerful necromantic curses on any living foe it strikes.
   Drain:     It drains your maximum health when unequipped.
 X - the +10 dire flail "Muhaomuoxa" {spect, rN+}
   (You found it on level 5 of the Lair of Beasts)

   When its wielder attacks, the weapon's spirit leaps out and strikes again.
   The spirit shares a part of any damage it takes with its wielder.
   rN:        It protects you from negative energy.
Missiles
 g - 14 javelins
 l - 14 curare-tipped darts
 x - 33 atropa-tipped darts
 z - 8 datura-tipped darts
 D - 42 boomerangs
 P - 4 boomerangs of dispersal
Armour
 b - the +7 scale mail "Qacaff" {Will+}
   (Okawaru gifted it to you on level 12 of the Dungeon)

   Will:      It increases your willpower.
 i - a +4 ring mail of cold resistance
 p - the +2 pair of gloves of Inaction (worn) {rElec rC+ Will+ Stlth-}
   (Okawaru gifted it to you in a Gauntlet)

   rC:        It protects you from cold.
   rElec:     It insulates you from electricity.
   Will:      It increases your willpower.
   Stlth:     It makes you less stealthy.
 A - the +3 pair of mountain boots (worn) {steadfast, rC+}
   (You found it in a Gauntlet)

   It prevents involuntary movement, except for blinking, teleportation, or
   banishment.
   rC:        It protects you from cold.
 E - the +3 cloak of Ufegiuw (worn) {Fly rN++ Regen+ Dex-4}
   (You found it on level 5 of the Dungeon)

   Dex:       It affects your dexterity (-4).
   rN:        It greatly protects you from negative energy.
   Fly:       It grants you flight.
   Regen:     It increases your rate of health regeneration.
 I - a +1 buckler of reflection
 J - a +2 pair of gloves of strength
 Q - the +2 hat of Giataucw (worn) {Rampage +Inv rCorr Str-3 SInv}
   (Okawaru gifted it to you on level 10 of the Dungeon)

   Str:       It affects your strength (-3).
   SInv:      It lets you see invisible.
   +Inv:      It lets you turn invisible.
   rCorr:     It protects you from acid and corrosion.
   Rampage:   It bestows one free step when moving towards enemies.
 Z - the +3 salamander hide armour (worn) {Flames rF++ rC--}
   (You found it in an ice cave)

   It surrounds you with a cloud of flames.
   It grants immunity to clouds of flame.
   It enhances your fire magic.
   rF:        It greatly protects you from fire.
   rC:        It makes you very vulnerable to cold.
Jewellery
 y - a +6 ring of strength (left hand)
 H - the ring of Kiculev {rPois Str+3}
   (You bought it in a shop on level 2 of the Orcish Mines)

   [ring of poison resistance]

   Str:       It affects your strength (+3).
   rPois:     It protects you from poison.
 L - a +6 ring of dexterity (right hand)
 U - an amulet of faith (around neck)
 V - the ring "Yhofaret" {rF+ AC+4}
   (You found it on level 3 of the Elven Halls)

   [ring of protection]

   AC:        It affects your AC (+4).
   rF:        It protects you from fire.
Wands
 e - a wand of digging (11)
 n - a wand of iceblast (24)
 q - a wand of paralysis (33)
 B - a wand of flame (66)
 F - a wand of light (3)
 T - a wand of mindburst (43)
Scrolls
 f - 9 scrolls of poison
 r - 3 scrolls of silence
 s - 8 scrolls of teleportation
 t - 4 scrolls of fear
 G - 4 scrolls of enchant weapon
 M - 3 scrolls of magic mapping
 N - 8 scrolls of immolation
 W - 3 scrolls of blinking
Potions
 a - 8 potions of lignification
 c - 6 potions of haste
 h - 6 potions of invisibility
 j - 16 potions of curing
 k - 5 potions of might
 u - 6 potions of heal wounds
 w - 3 potions of cancellation
 C - a potion of berserk rage
 K - 13 potions of ambrosia
 O - 4 potions of mutation
 R - 3 potions of resistance
 Y - 2 potions of brilliance
Miscellaneous
 v - a tin of tremorstones (2/2)
 S - a phial of floods


   Skills:
 - Level 17.0(22.0) Fighting
 + Level 3.3(21.0) Axes
 + Level 18.0(23.1) Maces & Flails
 * Level 16.6(21.8) Polearms
 + Level 5.6(10.6) Throwing
 + Level 14.3(19.3) Armour
 * Level 20.3(25.3) Dodging
 + Level 6.7(11.7) Stealth
 - Level 11.1(16.1) Shields
 * Level 12.6 Invocations
 * Level 9.9 Evocations


You had 18 spell levels left.
You didn't know any spells.
Your spell library contained the following spells:

 Spells                   Type           Power      Damage    Failure   Level
 Apportation              Tloc           0%         N/A       45%         1
 Beastly Appendage        Tmut           0%         N/A       45%         1
 Magic Dart               Conj           0%         1d3       45%         1
 Necrotise                Necr           0%         1d4       45%         1
 Sandblast                Erth           0%         2d4       45%         1
 Slow                     Hex            0%         N/A       45%         1
 Sting                    Tmut/Pois      0%         1d3       45%         1
 Blink                    Tloc           0%         N/A       58%         2
 Ensorcelled Hibernation  Hex/Ice        0%         N/A       58%         2
 Passwall                 Tmut/Erth      0%         N/A       58%         2
 Poisonous Vapours        Pois/Air       0%         N/A       58%         2
 Searing Ray              Conj           0%         2d4       58%         2
 Static Discharge         Conj/Air       0%         3-3/arc   58%         2
 Wereblood                Tmut           0%         N/A       58%         2
 Confusing Touch          Hex            0%         N/A       83%         3
 Conjure Flame            Conj/Fire      0%         6-21      83%         3
 Frozen Ramparts          Ice            0%         1d1       83%         3
 Ignite Poison            Fire/Tmut/Pois 0%         N/A       83%         3
 Lesser Beckoning         Tloc           0%         N/A       83%         3
 Mephitic Cloud           Conj/Pois/Air  0%         N/A       83%         3
 Portal Projectile        Hex/Tloc       0%         N/A       83%         3
 Spider Form              Tmut/Pois      0%         N/A       83%         3
 Stone Arrow              Conj/Erth      0%         3d7       83%         3
 Swiftness                Air            0%         N/A       83%         3
 Vampiric Draining        Necr           0%         2d6       83%         3
 Corpse Rot               Necr/Pois/Air  0%         N/A       99%         4
 Dispel Undead            Necr           0%         3d6       99%         4
 Fulminant Prism          Conj/Hex       0%         3d6       99%         4
 Ice Form                 Ice/Tmut       0%         N/A       99%         4
 Leda's Liquefaction      Hex/Erth       0%         N/A       99%         4
 Passage of Golubria      Tloc           0%         N/A       99%         4
 Sticky Flame             Conj/Fire      0%         2d3       99%         4
 Agony                    Necr           0%         N/A       100%        5
 Alistair's Intoxication  Tmut/Pois      0%         N/A       100%        5
 Borgnjor's Vile Clutch   Necr/Erth      0%         N/A       100%        5
 Manifold Assault         Tloc           0%         N/A       100%        5
 Silence                  Hex/Air        0%         N/A       100%        5
 Yara's Violent Unravell  Hex/Tmut       0%         3d3       100%        5
 Conjure Ball Lightning   Conj/Air       0%         3x3d6     100%        6
 Dispersal                Tloc           0%         N/A       100%        6
 Eringya's Noxious Bog    Tmut/Pois      0%         N/A       100%        6
 Discord                  Hex            0%         N/A       100%        8
 Disjunction              Tloc           0%         N/A       100%        8
 Lehudib's Crystal Spear  Conj/Erth      0%         10d2      100%        8
 Chain Lightning          Conj/Air       0%         N/A       100%        9
 Fire Storm               Conj/Fire      0%         5d1       100%        9
 Shatter                  Erth           0%         3d5*      100%        9
 Summon Small Mammal      Summ           Unusable   N/A       N/A         1
 Call Imp                 Summ           Unusable   N/A       N/A         2
 Call Canine Familiar     Summ           Unusable   N/A       N/A         3
 Animate Dead             Necr           Unusable   N/A       N/A         4
 Summon Ice Beast         Ice/Summ       Unusable   N/A       N/A         4
 Summon Forest            Summ/Tloc      Unusable   N/A       N/A         5
 Death Channel            Necr           Unusable   N/A       N/A         6

Dungeon Overview and Level Annotations

Branches:
Dungeon (15/15)            Temple (0/1) D:4            Lair (5/5) D:10
  Swamp (4/4) Lair:2       Spider (4/4) Lair:2        Slime (0/5) Lair:4
    Orc (2/2) D:10            Elf (3/3) Orc:2        Vaults (1/5) D:14
 Depths (0/4) D:15          Sewer (visited)          Bailey (visited)
  IceCv (visited)         Gauntlet (visited)

Altars:
Cheibriados
Dithmenos
Gozag
Hepliaklqana
Kikubaaqudgha
Okawaru
Qazlal
Ru
Sif Muna
Uskayaw
Vehumet
Xom
Yredelemnul
Zin
The Shining One
Jiyva

Shops:
D:3 *   D:6 *   D:9 *   Orc:2 =*[(   Elf:1 **   Elf:2 =?(!   Elf:3 (*[
Swamp:2 *   Vaults:1 (

Annotations:
D:10 4 transporters
Elf:3 1 runed translucent door, Jingleheimer's ghost, veteran DjCj


Innate Abilities, Weirdness & Mutations

You have a pair of horns on your head.
You reflexively headbutt those who attack you in melee.
You are partially covered in iridescent scales. (AC +2)
You are strong-willed. (Will+)
You are robust. (+10% HP)


Message History

The orc knight misses you. You furiously retaliate!
You headbutt the orc knight, but do no damage.
The orc warlord is engulfed in blazing flames.
The orc warlord hits you but does no damage.
The entropy weaver is engulfed in blazing flames.
The entropy weaver completely misses you.
The entropy weaver hits you but does no damage.
The entropy weaver completely misses you.
The entropy weaver misses you.
Unknown command.
You impale the entropy weaver!! You drain the entropy weaver!
You kill the entropy weaver!
Okawaru accepts your kill. The orc knight closely misses you.
You furiously retaliate!
You headbutt the orc knight.
The orc knight is engulfed in blazing flames.
The orc knight completely misses you. You furiously retaliate!
You headbutt the orc knight!
You kill the orc knight!
Okawaru accepts your kill.
The orc warlord hits you with a +0 halberd!
Unknown command.
You barely miss the orc warlord.
You headbutt the orc warlord, but do no damage.
The orc warlord is almost dead.
The orc knight is engulfed in blazing flames.
The orc knight closely misses you.
The orc warlord is engulfed in blazing flames.
The orc warlord hits you with a +0 halberd!!!
* * * LOW HITPOINT WARNING * * *
Unknown command.
You slash the orc knight! You drain the orc knight.
The orc knight convulses!
You headbutt the orc knight.
The orc knight is almost dead.
The orc knight is engulfed in blazing flames.
You kill the orc knight!
Okawaru accepts your kill.
The orc warlord is engulfed in blazing flames.
The orc warlord hits you with a +0 halberd!!!
You die...

## ##### ... ...#
... .>.# #### #.#
#..# .... ## ..
#.##°°#..... .#
..# #.#@☼#.....
.# ..# #o°☼#.....
.# #.#
#.#†.#..... .#
#.#.##..+ .... .#
:.###.###..#.....
.#
...........#.....
.#
...........##+###
## ########'###
#....#


You could see an orc warlord (strong, drained).

Vanquished Creatures
  Nikola (Elf:2)
  Rupert (D:15)
  A deep elf master archer (Elf:3)
  3 deep elf blademasters
  Frances (Swamp:2)
  Gastronok (Lair:2)
  The ghost of bakla the Imperceptible, an adept KoBr of Uskayaw (Swamp:4)
  A thorn hunter (Swamp:4)
  11 deep elf sorcerers
  A frost giant (Vaults:1)
  A vault warden (Vaults:1)
  An orc warlord (Orc:2)
  7 emperor scorpions
  Louise (Swamp:2)
  3 ghost moths
  9 deep elf elementalists
  2 ironbound preservers (Vaults:1)
  An ironbound thunderhulk (Vaults:1)
  2 broodmothers (Spider:4)
  A reaper (IceCv)
  6 eleionomae
  Nessos (Lair:5)
  Azrael (Elf:2)
  10 deep elf annihilators
  A spark wasp (Spider:4)
  3 bunyips
  A minotaur (Gauntlet)
  2 entropy weavers
  5 deep elf death magi
  Josephine (Orc:2)
  2 ettins
  7 deep elf high priests (Elf:3)
  2 shambling mangroves
  2 yaktaur captains (Vaults:1)
  Fannar (Lair:2)
  A catoblepas (Lair:5)
  6 boulder beetles
  25 hydras
  2 ogre magi
  2 centaur warriors
  A ghost crab (Swamp:2)
  A death knight (D:14)
  A tengu warrior (D:15)
  3 radroaches
  10 alligators
  9 two-headed ogres
  30 dancing weapons
  A deep troll shaman (Lair:5)
  5 orc high priests (Orc:2)
  11 death yaks
  11 spriggans
  18 deep elf knights
  A skeletal warrior (D:14)
  Amaemon (Lair:1)
  Lodul (D:10)
  4 pharaoh ants
  4 goliath frogs
  3 spriggan druids
  15 deep elf archers
  7 steelbarb worms
  6 deep trolls
  An orange crystal statue (Gauntlet)
  An ironbound convoker (Vaults:1)
  4 bog bodies
  8 swamp dragons
  12 lindwurms
  10 orb spiders
  28 deep elf pyromancers
  2 phantasmal warriors
  2 wizards (D:15)
  3 orc sorcerers (Orc:2)
  21 deep elf zephyrmancers
  13 orc knights
  4 moths of wrath
  2 manticores
  8 ugly things
  19 wolf spiders
  3 will-o-the-wisps
  A shining eye (shapeshifter) (Gauntlet)
  5 black mambas
  5 cyclopes
  35 elephants
  A vault sentinel (Vaults:1)
  2 torpor snails
  An orange demon (Lair:1)
  2 gargoyles
  An ice statue (IceCv)
  13 cane toads
  A smoke demon (Gauntlet)
  2 efreet (D:14)
  A hellion (Gauntlet)
  2 rime drakes (Lair:1)
  A kobold demonologist (D:9)
  A freezing wraith (D:14)
  13 demonic crawlers
  6 komodo dragons
  A tengu conjurer (D:15)
  An anaconda simulacrum (IceCv)
  6 trolls
  27 tarantellas
  A bloated husk (Swamp:1)
  A queen bee (Lair:1)
  18 slime creatures
  2 polar bears
  A meliai (shapeshifter) (D:13)
  8 tyrant leeches
  12 blink frogs
  16 hornets
  4 dream sheep (Lair:3)
  12 jumping spiders
  2 vampires (D:13)
  Sigmund (D:3)
  3 air elementals
  16 culicivoras
  2 water elementals
  2 shadows
  46 yaks
  3 wyverns
  A basilisk (Lair:4)
  8 wraiths
  A dire elephant simulacrum (IceCv)
  Grum (D:10)
  A steam dragon (D:7)
  4 fire elementals
  6 vampire mosquitoes
  43 redbacks
  3 death yak simulacra (IceCv)
  20 swamp worms
  An acid dragon (D:9)
  3 wargs
  Duvessa (D:5)
  An acid dragon (shapeshifter) (D:14)
  13 water moccasins
  5 hell hounds
  2 hydra simulacra (IceCv)
  38 orc warriors
  13 swamp drakes (Swamp:4)
  A sky beast (D:7)
  A tengu (shapeshifter) (Gauntlet)
  2 black bears (Lair:5)
  23 ogres
  13 wolves
  12 centaurs
  12 kobold brigands
  5 earth elementals
  10 bullfrogs
  A gnoll sergeant (D:9)
  4 cane toad simulacra
  A necrophage (D:6)
  6 two-headed ogre simulacra (IceCv)
  3 scorpions
  9 wights
  Dowan (D:5)
  25 killer bees
  9 howler monkeys
  8 electric eels
  2 hounds
  Crazy Yiuf (D:3)
  17 orc priests
  3 gnoll boudas
  2 iguanas (D:5)
  35 orc wizards
  Ijyb (D:5)
  11 hell rats
  5 troll simulacra
  2 polar bear simulacra (IceCv)
  3 wolf simulacra (IceCv)
  7 spriggan simulacra
  17 gnolls
  16 adders
  10 naga simulacra
  2 river rats (Sewer)
  A shadow imp (D:4)
  11 white imps
  8 ufetubi
  2 worms
  A dart slug (D:1)
  89 orcs
  6 endoplasms
  8 giant cockroaches
  13 goblins
  7 hobgoblins
  9 jackals
  16 kobolds
  5 quokkas
  10 ball pythons
  6 bats
  5 frilled lizards
  6 rats
  A bush (Elf:3)
1342 creatures vanquished.

Vanquished Creatures (others)
  3 deep elf knights
  A deep elf zephyrmancer (Elf:3)
  An orc priest (Orc:2)
  2 orc wizards (Orc:2)
  3 demonic plants (D:4)
  6 foxfires
  38 fungi
  59 plants
113 creatures vanquished.

Grand Total: 1455 creatures vanquished

Notes
Turn   | Place    | Note
-------+----------+-------------------------------------------
     0 | D:1      | Icepheonix32 the Minotaur Fighter began the quest for the
                  | Orb.
     0 | D:1      | Reached XP level 1. HP: 19/19 MP: 0/0
   193 | D:1      | Reached XP level 2. HP: 27/27 MP: 1/1
   847 | D:2      | Reached XP level 3. HP: 33/33 MP: 2/2
  1225 | D:2      | Found a shadowy altar of Dithmenos.
  1649 | D:2      | Identified the +0 trident of Ignis's Displeasure
                  | {antimagic, rF+ rC++ Str+4 Int-5}
  1760 | D:3      | Noticed Sigmund
  1770 | D:3      | Reached XP level 4. HP: 24/41 MP: 3/3
  1770 | D:3      | Killed Sigmund
  1771 | D:3      | Reached skill level 5 in Fighting
  1771 | D:3      | Reached skill level 5 in Armour
  1771 | D:3      | Reached XP level 5. HP: 29/48 MP: 4/4
  1800 | D:3      | Found a radiant altar of Vehumet.
  1978 | D:3      | Found Neppauh's Assorted Antiques.
  1988 | D:3      | Bought a white potion for 22 gold pieces
  1988 | D:3      | Bought a scroll labelled ULIREI QUMAKH for 25 gold pieces
  1988 | D:3      | Bought a scroll labelled YGGOICUONITS for 25 gold pieces
  1988 | D:3      | Bought a scroll labelled ULIREI QUMAKH for 25 gold pieces
  1988 | D:3      | Bought a smoky clear potion for 22 gold pieces
  2259 | D:3      | Found a glowing drain.
  2275 | Sewer    | Entered a sewer
  2282 | Sewer    | Reached XP level 6. HP: 56/56 MP: 5/5
  2518 | Sewer    | Reached skill level 1 in Polearms
  2518 | Sewer    | Reached skill level 1 in Dodging
  2690 | Sewer    | Reached skill level 5 in Shields
  3461 | D:3      | Found a runed translucent door.
  3596 | D:4      | Found an opulent altar of Gozag.
  3656 | D:4      | Reached XP level 7. HP: 63/63 MP: 6/6
  3687 | D:4      | Found an iron altar of Okawaru.
  3700 | D:4      | Became a worshipper of Warmaster Okawaru
  3768 | D:4      | Found a staircase to the Ecumenical Temple.
  3934 | D:4      | Found a basalt altar of Yredelemnul.
  4142 | D:4      | Found a shimmering blue altar of Sif Muna.
  4743 | D:5      | Entered Level 5 of the Dungeon
  4977 | D:5      | Reached * piety under Okawaru
  4978 | D:5      | Reached skill level 1 in Invocations
  4986 | D:5      | Reached XP level 8. HP: 51/71 MP: 6/8
  4996 | D:5      | Reached skill level 5 in Polearms
  5014 | D:5      | Noticed Dowan
  5017 | D:5      | Noticed Duvessa
  5020 | D:5      | Killed Dowan
  5025 | D:5      | Killed Duvessa
  5071 | D:5      | Noticed Ijyb
  5077 | D:5      | Killed Ijyb
  5257 | D:5      | Found a hide-covered altar of Uskayaw.
  5289 | D:5      | Identified the +3 cloak of Ufegiuw {Fly rN++ Regen+ Dex-4}
  5310 | D:5      | Found an ancient bone altar of Kikubaaqudgha.
  5584 | D:6      | Reached ** piety under Okawaru
  5585 | D:6      | Reached skill level 2 in Dodging
  5823 | D:3      | Noticed Crazy Yiuf
  5828 | D:3      | Killed Crazy Yiuf
  6070 | D:6      | Reached skill level 1 in Stealth
  6080 | D:6      | Found Gatoiwoh's Assorted Antiques.
  6093 | D:6      | Bought a smoky clear potion for 20 gold pieces
  6093 | D:6      | Bought a scroll of enchant armour for 172 gold pieces
  6603 | D:6      | Found a hazy altar of Hepliaklqana.
  6605 | D:6      | Found a shadowy altar of Dithmenos.
  6777 | D:6      | Bought a scroll of identify for 46 gold pieces
  6786 | D:7      | Found a stormy altar of Qazlal.
  6815 | D:7      | Found a glowing golden altar of the Shining One.
  6818 | D:7      | Reached XP level 9. HP: 75/81 MP: 10/10
  6837 | D:7      | Found a flagged portal.
  6908 | Bailey   | Entered a bailey
  6910 | Bailey   | Gained mutation: You passively dampen the noise of your
                  | surroundings. [potion of mutation]
  6910 | Bailey   | Gained mutation: You are weak. (Str -2) [potion of
                  | mutation]
  6911 | Bailey   | Lost mutation: You are weak. (Str -2) [potion of mutation]
  6911 | Bailey   | Lost mutation: You passively dampen the noise of your
                  | surroundings. [potion of mutation]
  6911 | Bailey   | Gained mutation: You are dopey. (Int -2) [potion of
                  | mutation]
  6911 | Bailey   | Gained mutation: You are frail. (-10% HP) [potion of
                  | mutation]
  6912 | Bailey   | Lost mutation: You are dopey. (Int -2) [potion of mutation]
  6912 | Bailey   | Lost mutation: You are frail. (-10% HP) [potion of
                  | mutation]
  6912 | Bailey   | Gained mutation: You are strong-willed. (Will+) [potion of
                  | mutation]
  6912 | Bailey   | Gained mutation: You are robust. (+10% HP) [potion of
                  | mutation]
  6912 | Bailey   | Gained mutation: You are partially covered in iridescent
                  | scales. (AC +2) [potion of mutation]
  6946 | Bailey   | Reached *** piety under Okawaru
  6967 | Bailey   | Noticed an orc knight
  6978 | Bailey   | Killed an orc knight
  7060 | Bailey   | Noticed an orc knight
  7084 | Bailey   | Killed an orc knight
  7084 | Bailey   | Reached **** piety under Okawaru
  7105 | Bailey   | Reached ***** piety under Okawaru
  7242 | Bailey   | Found a burning altar of Makhleb.
  7368 | D:7      | Reached XP level 10. HP: 100/100 MP: 12/12
  7403 | D:7      | Reached skill level 5 in Invocations
  7918 | D:8      | Found a shimmering altar of Xom.
  7950 | D:8      | Found a sacrificial altar of Ru.
  8147 | D:8      | Reached skill level 10 in Polearms
  8153 | D:8      | Identified the +2 cloak of Rerogres {Harm Fly rC- Dex+5}
                  | (Okawaru gifted it to you on level 8 of the Dungeon)
  8153 | D:8      | Received a gift from Okawaru
  8160 | D:8      | Reached skill level 3 in Dodging
  8245 | D:8      | Found a snail-covered altar of Cheibriados.
  8441 | D:8      | Reached skill level 10 in Fighting
  8459 | D:8      | Identified the +1 leather armour of Dohig {-Cast +Inv Str+6
                  | Dex+4}
  8836 | D:9      | You are sucked into a shaft and drop 3 floors!
  8848 | D:12     | Reached skill level 10 in Armour
  8855 | D:11     | Noticed a cyclops
  8863 | D:11     | Killed a cyclops
  8864 | D:11     | Reached XP level 11. HP: 108/108 MP: 11/14
  8982 | D:11     | Noticed a two-headed ogre
  8994 | D:11     | Killed a two-headed ogre
  9294 | D:11     | Noticed a seven-headed hydra
  9295 | D:11     | Noticed a brown ugly thing
  9303 | D:11     | Killed a seven-headed hydra
  9304 | D:11     | Reached skill level 1 in Throwing
  9309 | D:11     | Killed a brown ugly thing
  9612 | D:10     | Entered Level 10 of the Dungeon
  9646 | D:10     | Found a transporter.
  9648 | D:10     | Found a transporter.
  9651 | D:10     | Found a transporter.
  9694 | D:10     | Found a staircase to the Lair.
  9746 | D:10     | Identified a scroll of acquirement
  9747 | D:10     | Acquired a manual of Dodging
  9876 | D:10     | Found a staircase to the Orcish Mines.
  9893 | D:10     | Found a transporter.
  9923 | D:10     | Reached skill level 4 in Dodging
 10158 | D:10     | Noticed Grum
 10160 | D:10     | Noticed Lodul
 10177 | D:10     | Killed Lodul
 10177 | D:10     | Identified the +2 hat of Giataucw {Rampage +Inv rCorr Str-3
                  | SInv} (Okawaru gifted it to you on level 10 of the Dungeon)
 10177 | D:10     | Received a gift from Okawaru
 10178 | D:10     | Reached skill level 5 in Dodging
 10205 | D:10     | Killed Grum
 10715 | D:9      | Noticed a lindwurm
 10719 | D:9      | Noticed a lindwurm
 10719 | D:9      | Noticed a lindwurm
 10727 | D:9      | Noticed a lindwurm
 10765 | D:9      | Killed a lindwurm
 10766 | D:9      | Reached skill level 1 in Evocations
 10776 | D:9      | Killed a lindwurm
 10777 | D:9      | Reached XP level 12. HP: 105/121 MP: 5/16
 10802 | D:9      | Reached skill level 6 in Dodging
 10925 | D:9      | Acquired 709 gold pieces
 11125 | D:9      | Found Zin's Purification Station.
 11128 | D:9      | Found a glowing silver altar of Zin.
 11646 | D:12     | Noticed a two-headed ogre
 11655 | D:12     | Killed a two-headed ogre
 11678 | D:12     | Noticed a boulder beetle
 11837 | D:12     | Identified the ring "Qieruz" {rF+ rCorr}
 11952 | D:12     | Identified the +7 scale mail "Qacaff" {Will+} (Okawaru
                  | gifted it to you on level 12 of the Dungeon)
 11952 | D:12     | Received a gift from Okawaru
 12242 | D:12     | Killed a boulder beetle
 12498 | D:13     | Noticed a six-headed hydra
 12503 | D:13     | Killed a six-headed hydra
 12504 | D:13     | Reached skill level 7 in Dodging
 12650 | D:13     | Noticed a two-headed ogre
 12654 | D:13     | Killed a two-headed ogre
 12806 | D:13     | Noticed a centaur warrior
 12817 | D:13     | Killed a centaur warrior
 12817 | D:13     | Reached ****** piety under Okawaru
 13056 | D:13     | Reached skill level 8 in Dodging
 13263 | D:13     | Reached XP level 13. HP: 134/134 MP: 18/18
 13715 | D:14     | Received a gift from Okawaru
 14008 | D:14     | Received a gift from Okawaru
 14156 | D:14     | Found a gate to the Vaults.
 14483 | D:14     | Received a gift from Okawaru
 14698 | D:15     | Entered Level 15 of the Dungeon
 15114 | D:15     | Noticed Rupert
 15133 | D:15     | Killed Rupert
 15134 | D:15     | Reached skill level 9 in Dodging
 15193 | D:15     | Reached skill level 5 in Evocations
 15297 | D:15     | Found a staircase to the Depths.
 15297 | D:15     | Noticed an ettin
 15304 | D:15     | Killed an ettin
 15310 | D:15     | Identified the +2 animal skin "Rymoin" {Str+4} (Okawaru
                  | gifted it to you on level 15 of the Dungeon)
 15310 | D:15     | Received a gift from Okawaru
 15624 | D:15     | Reached XP level 14. HP: 144/146 MP: 17/19
 15942 | Lair:1   | Entered Level 1 of the Lair of Beasts
 15993 | Lair:1   | You are sucked into a shaft and drop 1 floor!
 16029 | Lair:2   | Reached skill level 10 in Dodging
 16049 | Lair:2   | Noticed Fannar
 16256 | Lair:1   | Received a gift from Okawaru
 16734 | Lair:1   | Reached skill level 15 in Fighting
 16755 | Lair:1   | Received a gift from Okawaru
 17026 | Lair:1   | Noticed Amaemon
 17042 | Lair:1   | Killed Amaemon
 17377 | Lair:2   | Found a hole to the Spider Nest.
 17511 | Lair:2   | Noticed Gastronok
 17514 | Lair:2   | Reached skill level 5 in Stealth
 17522 | Lair:2   | Killed Gastronok
 17522 | Lair:2   | Received a gift from Okawaru
 17523 | Lair:2   | Reached skill level 11 in Dodging
 17619 | Lair:2   | Killed Fannar
 17632 | Lair:2   | Found a staircase to the Swamp.
 17647 | Lair:2   | Reached skill level 5 in Throwing
 18216 | Lair:3   | Received a gift from Okawaru
 18596 | Lair:3   | Reached skill level 10 in Invocations
 18812 | Lair:4   | Found a staircase to the Slime Pits.
 18812 | Lair:4   | Found a viscous altar of Jiyva.
 18999 | Lair:4   | Reached XP level 15. HP: 154/155 MP: 21/21
 19001 | Lair:4   | Received a gift from Okawaru
 19564 | Lair:5   | Entered Level 5 of the Lair of Beasts
 19564 | Lair:5   | Found a gate leading to a gauntlet.
 19573 | Gauntlet | Entered a Gauntlet
 19573 | Gauntlet | Found a large runed translucent door.
 19573 | Gauntlet | Found a large runed translucent door.
 19573 | Gauntlet | Found a large runed translucent door.
 19573 | Gauntlet | Found a large runed translucent door.
 19573 | Gauntlet | Found a runed translucent door.
 19573 | Gauntlet | Found a large runed translucent door.
 19573 | Gauntlet | Found a large runed translucent door.
 19573 | Gauntlet | Found a transporter.
 19573 | Gauntlet | Found a transporter.
 19573 | Gauntlet | Found a large runed translucent door.
 19573 | Gauntlet | Found a large runed translucent door.
 19573 | Gauntlet | Found a runed translucent gate.
 19573 | Gauntlet | Found a runed translucent gate.
 19573 | Gauntlet | Found a transporter.
 19574 | Gauntlet | Found a transporter.
 19577 | Gauntlet | Found a transporter.
 19577 | Gauntlet | Found a transporter.
 19578 | Gauntlet | Found a runed translucent gate.
 19578 | Gauntlet | Found a runed translucent door.
 19591 | Gauntlet | Found a transporter.
 19593 | Gauntlet | Found a transporter.
 19601 | Gauntlet | Found a transporter.
 19606 | Gauntlet | Found a transporter.
 19625 | Gauntlet | Found a transporter.
 19629 | Gauntlet | Found a transporter.
 19674 | Gauntlet | Found a large runed translucent door.
 19674 | Gauntlet | Found a large runed translucent door.
 19674 | Gauntlet | Found a large runed translucent door.
 19674 | Gauntlet | Found a large runed translucent door.
 19675 | Gauntlet | Found a large runed translucent door.
 19675 | Gauntlet | Found a large runed translucent door.
 19676 | Gauntlet | Found a large runed translucent door.
 19676 | Gauntlet | Found a large runed translucent door.
 19705 | Gauntlet | Found the +3 pair of mountain boots {steadfast, rC+}
 19865 | Gauntlet | Identified the +2 pair of gloves of Inaction {rElec rC+
                  | Will+ Stlth-} (Okawaru gifted it to you in a Gauntlet)
 19865 | Gauntlet | Received a gift from Okawaru
 19866 | Gauntlet | Reached skill level 12 in Dodging
 19968 | Gauntlet | Identified the +1 helmet of Dappugisch {Regen+ Dex+4}
 20004 | Gauntlet | Identified the +7 quarterstaff of Traps {pain, Fragile rC-
                  | Str+4 Dex+2}
 20067 | Gauntlet | Identified the +0 ring mail "Tiketiwn" {Str+2 Int+3 Stlth+}
 20192 | Lair:5   | Noticed Nessos
 20193 | Lair:5   | Identified the +3 flail "Hirith" {freeze, Will+ Dex+4}
 20217 | Lair:5   | Killed Nessos
 20392 | Lair:5   | Identified the +1 robe of the Vaults {rC+ Dex+3}
 20520 | Lair:5   | Reached skill level 15 in Polearms
 20541 | Lair:5   | Identified the +4 leather armour of Knowledge {rCorr Str+3
                  | Stlth-}
 20631 | Lair:5   | Received a gift from Okawaru
 20740 | Lair:5   | Identified the +10 dire flail "Muhaomuoxa" {spect, rN+}
 21078 | Lair:5   | Reached skill level 13 in Dodging
 21483 | Orc:1    | Entered Level 1 of the Orcish Mines
 21518 | Orc:1    | Found a frozen archway.
 21558 | IceCv    | Entered an ice cave
 21596 | IceCv    | Reached skill level 1 in Maces & Flails
 21670 | IceCv    | Got the Precepts of Fetching Graupel
 21910 | IceCv    | Identified the +1 hat of Duck's Teeth {rC+} (Okawaru gifted
                  | it to you in an ice cave)
 21910 | IceCv    | Received a gift from Okawaru
 22001 | IceCv    | Found the +3 salamander hide armour {Flames rF++ rC--}
 22516 | Orc:2    | Entered Level 2 of the Orcish Mines
 22549 | Orc:2    | Noticed Josephine
 22554 | Orc:2    | Killed Josephine
 22555 | Orc:2    | Reached skill level 5 in Maces & Flails
 22666 | Orc:2    | Found a staircase to the Elven Halls.
 22696 | Orc:2    | Noticed an orc warlord
 22772 | Orc:2    | Reached XP level 16. HP: 152/166 MP: 23/23
 23150 | Orc:2    | Found Joebeuf's General Store.
 23151 | Orc:2    | Found Antekuf's Jewellery Boutique.
 23153 | Orc:2    | Found Rinkakk's Antique Armour Boutique.
 23153 | Orc:2    | Found Erutun's Antique Weapon Shop.
 23484 | Orc:2    | Bought the ring of Kiculev {rPois Str+3} for 399 gold
                  | pieces
 23699 | Spider:1 | Entered Level 1 of the Spider Nest
 23957 | Spider:1 | Identified the +1 pair of gloves of Knowledge {Harm Rampage
                  | rCorr Dex+4} (Okawaru gifted it to you on level 1 of the
                  | Spider Nest)
 23957 | Spider:1 | Received a gift from Okawaru
 24354 | Spider:1 | Reached skill level 14 in Dodging
 24370 | Spider:1 | Reached skill level 10 in Maces & Flails
 25717 | Spider:3 | Identified the +9 broad axe of Expedience {speed, Int+3
                  | SInv} (Okawaru gifted it to you on level 3 of the Spider
                  | Nest)
 25717 | Spider:3 | Received a gift from Okawaru
 26093 | Spider:4 | Entered Level 4 of the Spider Nest
 26215 | Spider:4 | Reached skill level 15 in Dodging
 26257 | Spider:4 | Received a gift from Okawaru
 26303 | Spider:4 | Identified the +0 robe of Wymaplai {Fly rC+ Will- Regen+}
                  | (Okawaru gifted it to you on level 4 of the Spider Nest)
 26303 | Spider:4 | Received a gift from Okawaru
 26457 | Spider:4 | Reached XP level 17. HP: 162/173 MP: 24/24
 26654 | Spider:4 | Reached skill level 16 in Dodging
 26756 | Spider:4 | Reached skill level 15 in Maces & Flails
 26995 | Spider:4 | Identified the +1 pair of gloves of the Hanged Man {Harm
                  | Str+3 Int+2}
 27004 | Spider:4 | Got a gossamer rune of Zot
 27358 | Swamp:1  | Entered Level 1 of the Swamp
 27557 | Spider:4 | Received a gift from Okawaru
 28518 | Swamp:2  | Noticed Frances
 28531 | Swamp:2  | Killed Frances
 28604 | Swamp:2  | Reached skill level 17 in Dodging
 28642 | Swamp:2  | Found Dankagee's Island Escapes.
 28652 | Swamp:2  | Bought a scroll of blinking for 120 gold pieces
 28652 | Swamp:2  | Bought a scroll of teleportation for 48 gold pieces
 28652 | Swamp:2  | Bought a potion of haste for 160 gold pieces
 28652 | Swamp:2  | Bought a scroll of blinking for 120 gold pieces
 28706 | Swamp:2  | Noticed Louise
 28712 | Swamp:2  | Killed Louise
 28964 | Swamp:2  | Received a gift from Okawaru
 29236 | Swamp:3  | Received a gift from Okawaru
 29470 | Swamp:4  | Entered Level 4 of the Swamp
 29586 | Swamp:4  | Identified the +1 ring mail "Ethiateg" {Dex+4} (Okawaru
                  | gifted it to you on level 4 of the Swamp)
 29586 | Swamp:4  | Received a gift from Okawaru
 29615 | Swamp:4  | Reached XP level 18. HP: 98/184 MP: 25/25
 29629 | Arena    | Entered the Arena
 29676 | Swamp:4  | Found a runed translucent door.
 29678 | Swamp:4  | Noticed bakla's ghost (adept KoBr)
 29940 | Swamp:4  | Got a decaying rune of Zot
 30148 | Swamp:4  | Reached skill level 18 in Dodging
 30161 | Swamp:4  | Killed bakla's ghost
 31321 | Elf:1    | Entered Level 1 of the Elven Halls
 31322 | Elf:1    | Found Ymnenenyph's General Store.
 31325 | Elf:1    | Found Tetuwn's Specific Store.
 31407 | Elf:1    | Got the Textbook on Turbulent Pestilence
 31409 | Elf:1    | Identified the +1 pair of gloves of Usetaci {rElec}
 31627 | Elf:1    | Identified the +8 glaive of the Whale {holy, *Rage *Noise
                  | Fly rElec} (Okawaru gifted it to you on level 1 of the
                  | Elven Halls)
 31627 | Elf:1    | Received a gift from Okawaru
 32215 | Elf:2    | Found Galomm's Distillery.
 32234 | Elf:2    | Bought a potion of heal wounds for 65 gold pieces
 32245 | Elf:2    | Found Zixze's Weapon Shop.
 32245 | Elf:2    | Noticed Azrael
 32271 | Elf:2    | Killed Azrael
 32310 | Elf:2    | Bought a potion of attraction for 39 gold pieces
 32423 | Elf:2    | Found Gudghea's Magic Scroll Shoppe.
 32437 | Elf:2    | Bought a scroll of teleportation for 57 gold pieces
 32489 | Elf:2    | Found Emipn's Jewellery Shop.
 32493 | Elf:2    | Paralysed by an air elemental for 1 turns
 32515 | Elf:2    | Received a gift from Okawaru
 32642 | Elf:2    | Noticed Nikola
 32657 | Elf:2    | Killed Nikola
 32663 | Elf:2    | Identified the +11 trident "Ettuhal" {freeze, rN+ SInv
                  | Stlth-} (Okawaru gifted it to you on level 2 of the Elven
                  | Halls)
 32663 | Elf:2    | Received a gift from Okawaru
 32726 | Elf:2    | Found a runed translucent gate.
 32727 | Elf:2    | Found a runed translucent gate.
 32727 | Elf:2    | Found a runed translucent gate.
 33265 | Elf:2    | Found a hide-covered altar of Uskayaw.
 33265 | Elf:2    | Identified the +7 dagger of the Wilderness {vorpal, Int+4}
 33478 | Elf:2    | Identified the +3 flail "Peschyqo" {elec, Will+ rCorr
                  | Str+2} (Okawaru gifted it to you on level 2 of the Elven
                  | Halls)
 33478 | Elf:2    | Received a gift from Okawaru
 33503 | Elf:2    | Reached skill level 10 in Shields
 33526 | Elf:2    | Reached XP level 19. HP: 64/194 MP: 8/26
 33554 | Elf:2    | Reached skill level 19 in Dodging
 34210 | Elf:3    | Entered Level 3 of the Elven Halls
 34243 | Elf:3    | Found a runed translucent door.
 34243 | Elf:3    | Noticed Jingleheimer's ghost (veteran DjCj)
 34373 | Elf:3    | Identified the +4 scale mail of Obiazeh {Str+4} (Okawaru
                  | gifted it to you on level 3 of the Elven Halls)
 34373 | Elf:3    | Received a gift from Okawaru
 34632 | Elf:3    | Found Ytuy's Weapon Shop.
 34634 | Elf:3    | Found Duses's General Store.
 34636 | Elf:3    | Found Xumoer's Armour Shop.
 34820 | Elf:3    | Identified the +0 leather armour of Dawn {*Corrode rC++
                  | rN+++ Int-4}
 34836 | Elf:3    | Reached skill level 20 in Dodging
 35053 | Elf:3    | Received a gift from Okawaru
 35056 | Elf:3    | Identified the +9 sling "Worm's Wrath" {vorpal, Int+3}
 35199 | Elf:3    | Identified the +1 chain mail of Panentheism {+Inv Will+
                  | Int+4}
 35209 | Elf:3    | Identified the ring "Yhofaret" {rF+ AC+4}
 35225 | Elf:3    | Got the Folio of the Voyage
 35239 | Elf:3    | Identified the +2 leather armour of Impermeability {rPois
                  | Regen+}
 35285 | Elf:3    | Identified the +0 leather armour of the Freezing God
                  | {Int+4}
 35344 | Elf:3    | Identified the +1 ring mail of New Discoveries {rF+ Slay+3}
 35641 | Elf:3    | Bought the +13 scythe of Curses {drain, Drain} for 1200
                  | gold pieces
 35641 | Elf:3    | Found the +13 scythe of Curses {drain, Drain}
 35848 | Vaults:1 | Entered Level 1 of the Vaults
 36215 | Elf:3    | Bought a potion of heal wounds for 100 gold pieces
 36215 | Elf:3    | Bought a scroll of silence for 190 gold pieces
 36215 | Elf:3    | Bought a potion of might for 80 gold pieces
 36470 | Vaults:1 | Found Eskim's Weapon Shoppe.
 36648 | Vaults:1 | Identified the +0 ring mail of the Great Game {-Cast Dex+5
                  | SInv Stlth+} (Okawaru gifted it to you on level 1 of the
                  | Vaults)
 36648 | Vaults:1 | Received a gift from Okawaru
 37012 | Vaults:1 | Mangled by an orc warlord

Illustrated notes

Levels and vault maps discovered:
D:1:      saegor_arrival_simple_b, layout_basic, minmay_misc_feat_alley
D:2:      layout_loops_corners, basic_altar
D:3:      cheibrodos_old_hovel, layout_rooms, nicolae_vehumet_radiance,
          portal_sewer_entry_f, serial_shops, shop, grunt_ministairs_5,
          hangedman_decor_riveting, minivault_26, uniq_crazy_yiuf_cottage,
          uniq_sigmund
D:4:      layout_loops_ring, overflow_temple_1_default,
          lemuel_coloured_pillars_altar, okawaru_altar_gauntlet_db,
          mainiacjoe_overflow_catwalk, minmay_temple_entry_wispy,
          serial_demonic, serial_demonic_e, serial_demonic_a, serial_demonic_d,
          serial_demonic_g
D:5:      layout_loops_ring, mainiacjoe_overflow_paths,
          mainiacjoe_overflow_cross_hatched, minmay_chambers_of_fives,
          uniq_ijyb, uniq_duvessa
D:6:      layout_basic, riverfiend_overflow_shadow_ancestor, serial_shops,
          nicolae_square_shop
D:7:      layout_loops_cross, lemuel_doored_altar,
          mainiacjoe_overflow_boulevard, enter_bailey_2
D:8:      layout_cave_pods, mainiacjoe_overflow_concentric_impassable,
          xom_teletrap_fun, cheibriados_altar_2, minmay_circle_x
D:9:      layout_cave_pods, zin_purify, minmay_misc_feat_square, kennysheep_nub,
          minmay_lindwurm_lava
D:10:     layout_roguey, lair_entry_dummy, orc_0_dummy, chequers_big_river,
          nicolae_diode_intersection, uniq_lodul, uniq_grum
D:11:     layout_small_grid
D:12:     layout_long_grid
D:13:     kennysheep_seaside_town, layout_loops_ring, minivault_24
D:14:     layout_cave_pools, david_vaults_2, minivault_25
D:15:     hangedman_depths_entry_civil_slaughter, layout_stronghold,
          fountainhead, uniq_rupert
Lair:1:   layout_cave_pods, special_room [special_room_bee],
          infiniplex_staircase_pool, uniq_amaemon
Lair:2:   layout_loops_ring, minmay_swamp_entry_worms,
          nicolae_spider_entry_orb_guardian, lemuel_fruit_fields,
          uniq_gastronok, uniq_fannar
Lair:3:   layout_layer_cave, nicolae_quartered_pool_impasse
Lair:4:   layout_concentric_octagons, slime_entry_1
Lair:5:   grunt_lair_end_beastmaster, layout_gridlike,
          nicolae_volcano_entry_vermiform, gauntlet_entry_generic, uniq_nessos
Swamp:1:  layout_basic_swamp, evilmike_swamp_ruin_rubble_2, swamp_pool1
Swamp:2:  layout_basic_swamp, evilmike_swamp_ruin_house_5, swamp_pool2,
          nicolae_island_escapes, infiniplex_staircase_pool_2, uniq_louise,
          uniq_frances
Swamp:3:  layout_basic_swamp, evilmike_swamp_ruin_house_2, swamp_pool3
Swamp:4:  swamp, layout_basic_swamp, ebering_ghost_inner_flame, swamp_pool5
Spider:1: layout_chambers
Spider:2: layout_spider_delve
Spider:3: layout_spider_delve, spiders_nest_the_unseen
Spider:4: grunt_spider_rune_circles, nicolae_spider_webs_and_nodes
Orc:1:    layout_caves, special_room [special_room_orc],
          portal_ice_cave_entry_ice_simulacra
Orc:2:    st_orc_congregation, layout_diamond_mine, uniq_josephine
Elf:1:    cheibrodos_wizards_tower, layout_gridlike, hangedman_corner_corridor,
          nicolae_specific_store, nicolae_elf_blasts_and_bolts
Elf:2:    nicolae_elf_blades_crystal_corner, layout_loops_corners, serial_shops,
          shop, shop, nicolae_shop_trees, nicolae_shop_stone,
          small_statue_intersection, nicolae_elf_altarnating, uniq_azrael,
          uniq_nikola
Elf:3:    minmay_elf_hall_x, layout_geoelf_octagon, gammafunk_ghost_grave,
          minmay_shop_star
Vaults:1: dpeg_vaults_monster_box, v_misc_9, nicolae_vaults_little_squares_6,
          nicolae_vaults_ninety_degrees, v_misc_17, v_misc_32,
          vaults_mumra_minichess, hangedman_vaults_stretched_pinwheel,
          serial_ice_g, v_rooms_3, nicolae_vaults_specimen_jars,
          nicolae_vaults_hallways_thing, v_misc_22, layout_vaults_omnibox

Skill      XL: |  1  2  3  4  5  6  7  8  9 10 11 12 13 14 15 16 17 18 19 |
---------------+----------------------------------------------------------+-----
Fighting       | 4 5 6 7 9 10 11 13 14 15 16 17 | 17.0
Axes           | 3 |  3.3
Armour         | 4 5 6 7 8 10 11 12 13 14 | 14.3
Shields        | 4 5 6 7 8 9 10 11 | 11.1
Polearms       | 2 4 6 9 10 12 13 14 15 16 | 16.6
Dodging        | 1 2 3 5 8 9 11 13 15 17 18 20 | 20.3
Invocations    | 1 2 4 6 7 8 9 10 11 12 | 12.6
Stealth        | 1 2 3 4 5 6 |  6.7
Throwing       | 2 4 5 |  5.6
Evocations     | 1 3 5 6 7 8 9 |  9.9
Maces & Flails | 6 14 16 17 18 | 18.0

Action                   |  1- 3 |  4- 6 |  7- 9 | 10-12 | 13-15 | 16-18 | 19-21 || total
-------------------------+-------+-------+-------+-------+-------+-------+-------++-------
Melee: War axe           |    82 |     1 |       |       |       |       |       ||    83
       Headbutt          |    16 |    33 |    37 |   119 |   289 |   271 |    96 ||   861
       Trident           |       |   213 |   244 |   575 |   899 |   400 |   305 ||  2636
       Dire flail        |       |       |       |       |   158 |   658 |       ||   816
       Punch             |       |       |       |       |       |     5 |       ||     5
       Scythe            |       |       |       |       |       |       |    53 ||    53
Throw: Throwing net      |       |       |     1 |       |       |       |       ||     1
       Dart              |       |       |     2 |     7 |       |       |       ||     9
       Boomerang         |       |       |       |       |     1 |     1 |       ||     2
Invok: Heroism           |       |       |     2 |     3 |     8 |     5 |     2 ||    20
       Finesse           |       |       |       |       |     2 |       |       ||     2
       Duel              |       |       |       |       |       |     1 |       ||     1
Evoke: Wand              |       |       |     1 |     2 |     5 |       |       ||     8
       Tin of tremorston |       |       |       |     1 |     3 |     2 |     1 ||     7
  Use: Scroll            |     2 |     2 |    13 |    12 |    12 |    10 |     3 ||    54
       Potion            |     1 |       |     7 |       |     2 |    12 |     4 ||    26
 Stab: Invisible         |       |       |     1 |       |       |       |       ||     1
       Distracted        |       |       |       |     5 |    22 |    14 |       ||    41
       Sleeping          |       |       |       |     2 |     3 |     4 |     1 ||    10
       Petrifying        |       |       |       |       |     1 |       |       ||     1
Armor: Scale mail        |    38 |    98 |    65 |       |   268 |       |       ||   469
       Chain mail        |       |       |     1 |   103 |     3 |       |       ||   107
       Leather armour    |       |       |       |    48 |    36 |   299 |    97 ||   480
       Ring mail         |       |       |       |       |    27 |       |       ||    27
Dodge: Dodged            |    36 |    95 |    65 |   147 |   534 |   703 |   258 ||  1838
Block: Buckler           |    13 |    54 |    45 |    77 |   181 |    51 |    67 ||   488
       Reflection        |       |       |       |       |       |     6 |     6 ||    12
